 Dungeon Crawl Stone Soup version 0.27.1-34-g3ba077fa99 (webtiles) character file.

Game seed: 9817867393823656998

3353 DerDa the Thaumaturge (level 10, -10/58 HPs)
             Began as an Octopode Hedge Wizard on Jan 22, 2022.
             Was an Initiate of Sif Muna.
             Mangled by a two-headed ogre (31 damage)
             ... on level 8 of the Dungeon.
             The game lasted 00:30:58 (10955 turns).

DerDa the Thaumaturge (Octopode Hedge Wizard)      Turns: 10955, Time: 00:30:59

Health: -10/58     AC:  5    Str:  9    XL:     10   Next: 3%
Magic:  14/22      EV: 19    Int: 19    God:    Sif Muna [......]
Gold:   415        SH:  0    Dex: 11    Spells: 17/25 levels left

rFire    . . .     SeeInvis .   j - +2 dagger "Loet" {vamp, rElec rPois Will++ Str-2}
rCold    . . .     Faith    .   (no shield)
rNeg     . . .     Spirit   .   b - +0 hat
rPois    +         Reflect  .   (no amulet)
rElec    +         Harm     .   f - ring of poison resistance
rCorr    +         Rampage  .   k - +4 ring of evasion
Will     ++...                  q - ring of resist corrosion
Stlth    +++.......             w - +4 ring of protection
HPRegen  0.19/turn              (no ring)
MPRegen  0.18/turn              (no ring)
                                (no ring)
                                (no ring)

@: no status effects
A: almost no armour, amphibious, 8 rings, camouflage 1, gelatinous body 1,
(nimble swimmer 1), tentacles
a: Renounce Religion


You were on level 8 of the Dungeon.
You worshipped Sif Muna.
Sif Muna was noncommittal.
You visited 2 branches of the dungeon, and saw 10 of its levels.
You also visited: Ossuary.

You collected 415 gold pieces.

Inventory:

Hand Weapons
 a - a +0 dagger
 d - a +1 dagger of draining
 j - the +2 dagger "Loet" (weapon) {vamp, rElec rPois Will++ Str-2}
   (You took it off a kobold brigand on level 7 of the Dungeon)

   It occasionally heals its wielder for a portion of the damage dealt when it
   wounds a living foe.
   Str:       It affects your strength (-2).
   rElec:     It insulates you from electricity.
   rPois:     It protects you from poison.
   Will:      It greatly increases your willpower.
 C - a +2 dagger of flaming
 D - a +0 dagger of venom
 H - a +5 spear of venom
Missiles
 p - 18 poisoned darts
Armour
 b - a +0 hat (worn)
Magical Staves
 I - a staff of fire
Jewellery
 f - a ring of poison resistance (left tentacle)
 k - a +4 ring of evasion (right tentacle)
 q - a ring of resist corrosion (on tentacle)
 s - a ring of fire
 w - a +4 ring of protection (on tentacle)
 z - a +6 ring of strength
Wands
 B - a wand of iceblast (8)
 E - a wand of polymorph (16)
Scrolls
 c - 3 scrolls of teleportation {unknown}
 h - 9 scrolls of identify {unknown}
 i - a scroll of magic mapping {unknown}
 l - 3 scrolls of amnesia {unknown}
 m - 4 scrolls of enchant weapon {unknown}
 n - 2 scrolls of brand weapon {unknown}
 t - 3 scrolls of vulnerability {unknown}
 u - 3 scrolls of immolation {unknown}
 x - a scroll of noise {unknown}
 y - a scroll of enchant armour {unknown}
 F - a scroll of fog {unknown}
 G - a scroll of blinking {unknown}
Potions
 e - 3 potions of lignification
 g - 3 potions of might
 o - 4 potions of curing {unknown}
 r - 2 potions of heal wounds
 v - 2 potions of haste
 A - a potion of brilliance {unknown}


   Skills:
 + Level 1.3 Fighting
 + Level 6.0 Dodging
 - Level 2.6 Stealth
 * Level 8.2 Spellcasting
 + Level 5.7 Conjurations
 - Level 1.0 Summonings
 + Level 1.8 Translocations
 - Level 5.0 Air Magic
 - Level 5.0 Poison Magic
 + Level 1.4 Invocations
 + Level 1.4 Evocations


You had 17 spell levels left.
You knew the following spells:

 Your Spells              Type           Power      Damage    Failure   Level
a - Magic Dart            Conj           100%       1d8       1%          1
b - Mephitic Cloud        Conj/Pois/Air  27%        N/A       3%          3
d - Call Imp              Summ           11%        N/A       9%          2
t - Blink                 Tloc           N/A        N/A       6%          2

Your spell library contained the following spells:

 Spells                   Type           Power      Damage    Failure   Level
 Static Discharge         Conj/Air       28%        N/A       1%          2
 Foxfire                  Conj/Fire      72%        2x1d7     2%          1
 Conjure Flame            Conj/Fire      18%        6-21      9%          3
 Slow                     Hex            7%         N/A       14%         2
 Sublimation of Blood     Necr           3%         N/A       14%         2
 Inner Flame              Hex/Fire       7%         N/A       26%         3
 Lightning Bolt           Conj/Air       14%        1d27      28%         5
 Passage of Golubria      Tloc           N/A        N/A       38%         4
 Irradiate                Conj/Tmut      9%         3d16      61%         5
 Petrify                  Tmut/Erth      7%         N/A       65%         4
 Silence                  Hex/Air        8%         N/A       65%         5
 Manifold Assault         Tloc           14%        N/A       75%         5
 Storm Form               Tmut/Air       8%         N/A       100%        7
 Lehudib's Crystal Spear  Conj/Erth      9%         10d4      100%        8
 Maxwell's Capacitive Co  Air            13%        ∞         100%        8


Dungeon Overview and Level Annotations

Branches:
Dungeon (9/15)             Temple (1/1) D:7         Ossuary (visited)
   Lair: D:8-11         Orc: D:9-12

Altars:
Ashenzari
Cheibriados
Dithmenos
Elyvilon
Fedhas
Gozag
Hepliaklqana
Kikubaaqudgha
Makhleb
Nemelex Xobeh
Okawaru
Qazlal
Ru
Sif Muna
Trog
Uskayaw
Vehumet
Wu Jian
Xom
Yredelemnul
Zin
The Shining One


Innate Abilities, Weirdness & Mutations

You cannot wear most types of armour.
You are amphibious.
You can wear up to eight rings at the same time.
Your skin changes colour to match your surroundings (Stealth+).
Your rubbery body absorbs attacks. (AC +1, EV +1)
((You are camouflaged near water. (Stealth+)))
You have tentacles for arms and can constrict up to eight enemies at once.


Message History

Confirm with . or Enter, or press ? or * to list all spells.
Aiming: Mephitic Cloud (dangerous; 3% risk of failure)
Press: ? - help, Shift-Dir - straight line, f/p - two-headed ogre
Aim: a two-headed ogre, wielding two +0 giant clubs (chance to affect: 53%)
Okay, then.
Casting: Mephitic Cloud (dangerous; 3% risk of failure)
Confirm with . or Enter, or press ? or * to list all spells.
A beastly little devil appears in a puff of flame.
Casting: Call Imp (safe; 9% risk of failure)
Confirm with . or Enter, or press ? or * to list all spells.
A beastly little devil appears in a puff of flame.
Casting: Call Imp (safe; 9% risk of failure)
Confirm with . or Enter, or press ? or * to list all spells.
Aiming: Mephitic Cloud (dangerous; 3% risk of failure)
Press: ? - help, Shift-Dir - straight line, p - two-headed ogre The ball explodes into a vile cloud!
The stinking cloud engulfs you but does no damage.
The stinking cloud engulfs the two-headed ogre but does no damage.
The stinking cloud engulfs your crimson imp but does no damage. x2
Your crimson imp blinks!
You completely miss the two-headed ogre.
Your crimson imp hits the two-headed ogre but does no damage.
The two-headed ogre is engulfed in noxious fumes.
The two-headed ogre misses you. The two-headed ogre closely misses you.
Unknown command.
You hit the two-headed ogre. You squeeze the two-headed ogre.
The two-headed ogre is lightly wounded.
Your crimson imp blinks!
The two-headed ogre is engulfed in noxious fumes.
The two-headed ogre hits you with a +0 giant club! x2
Your crimson imp blinks!
Unknown command.
Casting: Mephitic Cloud (dangerous; 3% risk of failure)
Confirm with . or Enter, or press ? or * to list all spells.
A beastly little devil appears in a puff of frigid air.
The two-headed ogre is engulfed in noxious fumes.
The two-headed ogre hits you with a +0 giant club!
The two-headed ogre hits you with a +0 giant club!!
Ouch! That really hurt!
You die...

####### ###. #.....## #######
##... #......###.....# #..#.
####......#...###.# #####.##.
...##..##...### #.#
#####.....##. ...##.###...#
#.###.....######.
...##.#.....#####.....##### ..
...#..#.###.....☼5§#### ##
..........<....#@O...#######...
.........#####5.°○○#.........#
...#.##### #####.§######...#
...#....######.............#.#
...#......#....####.......#
##......<)..#### ##..###...
#......).#.....#####........
#..#.................#.#####
...##############.......##


You could see a two-headed ogre (ally target), a friendly crimson imp (summoned)
and a friendly white imp (summoned).

Vanquished Creatures
  Pikel (D:7)
  A wyvern (D:6)
  The ghost of Descartes the Grasshopper, an amateur FeWr of Gozag (D:4)
  A necrophage (D:6)
  4 ogres
  A centaur (D:8)
  2 lemures (D:7)
  3 elf zombies
  3 kobold brigands
  3 bullfrogs
  2 elf skeletons (D:7)
  A scorpion (D:3)
  2 gnoll sergeants (D:8)
  3 wights (D:7)
  5 howler monkeys (D:7)
  The ghost of HangedMan the Magician, a weakling OpWz (D:3)
  3 centaur zombies
  A human zombie (D:7)
  A hound (D:5)
  2 jellies (D:5)
  Crazy Yiuf (D:2)
  2 bullfrog skeletons (D:5)
  A centaur skeleton (D:7)
  A gnoll shaman (D:7)
  An orc priest (D:7)
  Terence (D:2)
  3 orc wizards
  Natasha (thrice) (D:3)
  An iguana (D:5)
  2 hound zombies (Ossuary)
  2 mummies (Ossuary)
  Robin (D:2)
  A howler monkey zombie (D:6)
  10 gnolls
  A howler monkey skeleton (D:7)
  5 adders
  A shadow imp (D:5)
  5 adder zombies (Ossuary)
  An adder skeleton (D:2)
  2 worms
  18 orcs
  7 bats
  3 endoplasms
  2 giant cockroaches
  21 goblins
  8 hobgoblins
  2 quokkas
  6 ball pythons
  2 frilled lizards
  4 gnoll zombies (Ossuary)
  A goblin zombie (Ossuary)
  2 hobgoblin zombies (Ossuary)
  8 jackal zombies (Ossuary)
  14 kobolds
  3 kobold zombies (Ossuary)
  An orc skeleton (D:7)
  2 quokka zombies (Ossuary)
  2 rats
  5 rat zombies (Ossuary)
197 creatures vanquished.

Vanquished Creatures (collateral kills)
  A mummy (Ossuary)
  A goblin (D:7)
  A kobold (D:7)
3 creatures vanquished.

Grand Total: 200 creatures vanquished

Notes
Turn   | Place    | Note
-------+----------+-------------------------------------------
     0 | D:1      | DerDa the Octopode Hedge Wizard began the quest for the
                  | Orb.
     0 | D:1      | Reached XP level 1. HP: 11/11 MP: 4/4
     2 | D:1      | Noticed a felid
     2 | D:1      | Noticed a gargoyle
     4 | D:1      | Noticed an octopode
     4 | D:1      | Noticed a troll
     6 | D:1      | Noticed a spriggan
     6 | D:1      | Noticed an ogre
     8 | D:1      | Noticed a formicid
    10 | D:1      | Noticed a demigod
    12 | D:1      | Noticed a tengu
    12 | D:1      | Noticed an elf
    14 | D:1      | Noticed a merfolk
    14 | D:1      | Noticed a ghoul
    16 | D:1      | Noticed a demonspawn
    16 | D:1      | Noticed a vampire
    18 | D:1      | Noticed a djinni
    18 | D:1      | Noticed a draconian
    20 | D:1      | Noticed a human
    22 | D:1      | Noticed a naga
    22 | D:1      | Noticed a vine stalker
    24 | D:1      | Noticed a minotaur
    24 | D:1      | Noticed a barachi
    26 | D:1      | Noticed a palentonga
    26 | D:1      | Noticed a dwarf
   401 | D:1      | Reached XP level 2. HP: 17/17 MP: 0/6
  1097 | D:1      | Reached XP level 3. HP: 21/21 MP: 4/8
  1584 | D:2      | Noticed Robin
  1591 | D:2      | Killed Robin
  1818 | D:2      | Reached XP level 4. HP: 27/27 MP: 6/9
  2019 | D:2      | Noticed Terence
  2025 | D:2      | Learned a level 3 spell: Mephitic Cloud
  2028 | D:2      | Learned a level 2 spell: Blink
  2031 | D:2      | Learned a level 2 spell: Call Imp
  2315 | D:2      | Found a faded altar of an unknown god.
  2780 | D:3      | Noticed a scorpion
  2792 | D:3      | Killed a scorpion
  2793 | D:3      | Reached skill level 4 in Spellcasting
  2793 | D:3      | Reached XP level 5. HP: 3/31 MP: 5/11
  3210 | D:3      | Noticed Natasha
  3370 | D:3      | Reached skill level 1 in Poison Magic
  3382 | D:3      | Killed Natasha
  3383 | D:3      | Reached skill level 1 in Air Magic
  3687 | D:3      | Found an ancient bone altar of Kikubaaqudgha.
  3919 | D:3      | Noticed Natasha
  3935 | D:3      | Killed Natasha
  3966 | D:3      | Noticed Natasha
  3974 | D:3      | Killed Natasha
  3975 | D:3      | Reached XP level 6. HP: 15/36 MP: 6/12
  4170 | D:3      | Found a transporter.
  4173 | D:3      | Noticed HangedMan's ghost (weakling OpWz)
  4176 | D:3      | Found a transporter.
  4603 | D:4      | Found a transporter.
  4605 | D:4      | Noticed Descartes's ghost (amateur FeWr)
  4606 | D:4      | Found a transporter.
  5298 | D:5      | Entered Level 5 of the Dungeon
  5628 | D:5      | Reached skill level 5 in Spellcasting
  5628 | D:5      | Reached XP level 7. HP: 23/41 MP: 4/14
  6462 | D:6      | You fall into a shaft and drop 3 floors!
  6489 | D:9      | Found a blossoming altar of Fedhas.
  6701 | D:9      | Reached XP level 8. HP: 34/46 MP: 16/16
  6840 | D:7      | Reached skill level 6 in Spellcasting
  6936 | D:7      | Found a sand-covered staircase.
  6949 | Ossuary  | Entered an ossuary
  7635 | D:7      | HP: 3/64 [wight (3)]
  7638 | D:7      | Reached skill level 5 in Dodging
  7638 | D:7      | Reached XP level 9. HP: 32/49 MP: 0/19
  7667 | D:7      | Identified the +2 dagger "Loet" {vamp, rElec rPois Will++
                  | Str-2}
  7680 | D:7      | Reached skill level 7 in Spellcasting
  7764 | D:7      | Reached skill level 5 in Poison Magic
  7881 | D:7      | Found an ornate altar of the Wu Jian Council.
  8405 | D:7      | Found a staircase to the Ecumenical Temple.
  8791 | Temple   | Entered the Ecumenical Temple
  8884 | Temple   | Became a worshipper of Sif Muna the Loreminder
  8967 | D:6      | Noticed Pikel
  9011 | D:7      | Killed Pikel
  9012 | D:7      | Reached skill level 5 in Conjurations
  9481 | D:6      | Found a glowing golden altar of the Shining One.
  9541 | D:6      | Reached skill level 5 in Air Magic
  9632 | D:6      | Found a radiant altar of Vehumet.
  9771 | D:6      | Found a burning altar of Makhleb.
  9973 | D:4      | Killed Descartes's ghost
  9974 | D:4      | Reached skill level 8 in Spellcasting
 10214 | D:3      | Killed HangedMan's ghost
 10312 | D:2      | Killed Terence
 10357 | D:2      | Found a runed translucent door.
 10358 | D:2      | Noticed Crazy Yiuf
 10366 | D:2      | Killed Crazy Yiuf
 10564 | D:8      | Reached skill level 1 in Fighting
 10564 | D:8      | Reached skill level 1 in Invocations
 10564 | D:8      | Reached skill level 1 in Evocations
 10648 | D:8      | Reached XP level 10. HP: 24/58 MP: 16/22
 10941 | D:8      | Noticed a two-headed ogre
 10955 | D:8      | Mangled by a two-headed ogre

Illustrated notes

Levels and vault maps discovered:
D:1:      kb_arrival_jail, layout_loops_cross, minivault_25
D:2:      layout_rooms, serial_co_window_serial, co_window_corner_a,
          co_window_of_opportunity_a, co_window_paths_a, co_window_cross_1,
          co_window_paths_a, co_window_paths_a, co_window_corner_a,
          co_window_unsneaky_path_d, co_window_corner_ca,
          co_window_of_opportunity_c, glass_columns_a, glass_columns_a,
          glass_columns_a, glass_columns_a,
          shapermc_ecumenical_altar_flowoftime, uniq_crazy_yiuf_cottage,
          uniq_terence, uniq_robin
D:3:      layout_basic, mainiacjoe_overflow_chevrons, gammafunk_ghost_arena,
          uniq_natasha
D:4:      layout_rooms, gammafunk_ghost_smash
D:5:      layout_rooms, kennysheep_generic_room_9
D:6:      layout_basic, lightli_temple_of_fire, nicolae_tso_carved_into_rock,
          vehumet_crystals, uniq_pikel
D:7:      layout_basic, mainiacjoe_overflow_cross_hatched,
          lemuel_temple_firewalk_b, enter_bailey_3,
          nicolae_ossuary_entry_catacombs, nicolae_benzene_ring,
          kennysheep_generic_room_16
D:8:      layout_rooms, kennysheep_nub, minmay_misc_feat_iff
D:9:      layout_loops_ring, mainiacjoe_overflow_small_starburst, orc_0_dummy,
          nrook_mini_backslash
Temple:   lightli_temple_of_artemis

Skill      XL: |  1  2  3  4  5  6  7  8  9 |
---------------+----------------------------+-----
Conjurations   | 2 3 4 5 |  5.7
Dodging        | 3 4 5 6 |  6.0
Spellcasting   | 4 5 6 8 |  8.2
Poison Magic   | 1 2 3 4 5 |  5.0
Air Magic      | 1 2 4 5 |  5.0
Fighting       | 1 |  1.3
Invocations    | 1 |  1.4
Evocations     | 1 |  1.4
Stealth        | |  2.6
Summonings     | |  1.0
Translocations | |  1.8

Action                   |  1- 3 |  4- 6 |  7- 9 | 10-12 || total
-------------------------+-------+-------+-------+-------++-------
Melee: Dagger            |    18 |    47 |   379 |    14 ||   458
       Constrict         |     5 |     9 |    66 |     3 ||    83
       Tentacles         |     1 |     5 |    60 |     4 ||    70
 Cast: Magic Dart        |    74 |   150 |   160 |     6 ||   390
       Mephitic Cloud    |       |       |    19 |     3 ||    22
       Call Imp          |       |       |     6 |     3 ||     9
  Use: Potion            |       |       |     5 |       ||     5
 Stab: Confused          |       |       |     9 |     2 ||    11
       Sleeping          |       |       |     7 |       ||     7
Armor: Skin              |     4 |     2 |    72 |       ||    78
Dodge: Dodged            |    17 |    56 |   324 |     6 ||   403
